Map: [G8] Royal Blood

Players

Solar - Winner!

  • Race: Zerg Zerg
  • Spawn Location: 7:00

Clem

  • Race: Terran Terran
  • Spawn Location: 1:00

Event: Gamers8 2023

VOD

Have the link to the VOD?

Description

Time

  • Played on: Aug. 3, 2023, 3:56 p.m.
  • Length: 12:28

All games in this series

Show
View Real Time Build Order
Export as new Build Order

Solar Zerg - Winner!

Build Orders: Hatch First 

Get SALT Encoding   

  12  0:00  Drone  
  13  0:12  Overlord  
  13  0:17  Drone  
  14  0:31  Drone x2  
  16  0:46  Hatchery  
  15  0:51  Drone  
  15  0:54  Drone  
  17  0:57  Drone  
  18  1:08  Extractor  
  17  1:12  Spawning Pool  
  17  1:15  Drone  
  17  1:19  Drone  
  18  1:28  Drone  
  19  1:39  Drone  
  20  1:50  Drone  
  21  1:59  Queen x2  
  21  2:00  Zergling x4  
  27  2:11  Overlord  
  27  2:13  Drone  
  28  2:20  Hatchery  
  28  2:22  Drone  
  28  2:30  Drone  
  28  2:35  Queen  
  30  2:38  Drone  
  30  2:42  Overlord  
  31  2:45  Metabolic Boost  
  31  2:49  Drone  
  33  2:51  Drone  
  33  2:54  Drone  
  33  2:55  Drone  
  35  3:03  Drone  
  36  3:06  Drone  
  36  3:07  Drone x3  
  36  3:12  Queen  
  42  3:16  Overlord  
  42  3:18  Drone  
  43  3:31  Queen  
  43  3:32  Queen  
  47  3:36  Drone  
  47  3:38  Drone  
  47  3:39  Drone x4  
  53  3:41  Drone  
  53  3:44  Overlord  
  53  3:47  Drone  
  53  3:48  Drone  
  56  3:54  Overlord  
  56  3:58  Overlord  
  56  4:00  Zergling x2  
  57  4:03  Zergling x4  
  57  4:04  Drone x2  
  57  4:08  Queen  
  63  4:14  Drone x4  
  67  4:18  Zergling x4  
  67  4:23  Queen  
  70  4:25  Drone x4  
  70  4:29  Overlord  
  70  4:31  Lair  
  74  4:33  Drone  
  74  4:34  Spore Crawler  
  74  4:36  Spore Crawler, Drone  
  74  4:38  Drone  
  75  4:46  Spore Crawler, Drone x4  
  75  4:51  Drone  
  79  4:54  Extractor  
  79  4:55  Extractor  
  79  4:56  Queen  
  79  5:02  Hatchery, Drone x3  
  79  5:03  Overlord  
  79  5:06  Drone  
  81  5:08  Drone x4  
  81  5:10  Extractor  
  81  5:11  Baneling Nest  
  81  5:13  Overlord  
  83  5:15  Zergling x4  
  83  5:18  Drone x3  
  88  5:22  Evolution Chamber  
  88  5:24  Drone  
  88  5:25  Extractor  
  88  5:26  Drone  
  88  5:27  Drone  
  89  5:29  Evolution Chamber  
  89  5:30  Overseer  
  89  5:33  Zergling x2  
  89  5:34  Overlord  
  89  5:35  Drone x4  
  93  5:36  Overlord  
  93  5:40  Zergling x2  
  94  5:43  Overlord  
  94  5:47  Overlord  
  94  5:50  Zergling x2  
  94  5:53  Zergling x8  
  94  5:55  Centrifugal Hooks  
  99  6:06  Zerg Ground Armor Level 1  
  99  6:09  Drone x6  
  105  6:11  Zerg Melee Weapons Level 1  
  105  6:13  Drone x3  
  105  6:15  Zergling x6  
  111  6:20  Zergling x8  
  111  6:24  Overlord  
  115  6:25  Zergling x2  
  115  6:26  Zergling x2  
  115  6:30  Drone  
  118  6:37  Baneling x15  
  118  6:38  Zergling x10  
  118  6:39  Zergling x8  
  127  6:40  Hatchery  
  127  6:43  Overlord  
  127  6:45  Drone  
  127  6:48  Zergling x4  
  127  6:52  Zergling x6  
  127  6:54  Zergling x8  
  135  6:57  Drone  
  135  6:58  Queen  
  135  7:00  Extractor, Hatchery  
  133  7:01  Drone x2  
  133  7:03  Spore Crawler  
  133  7:06  Hydralisk Den, Drone  
  134  7:09  Overlord  
  134  7:10  Pneumatized Carapace, Drone x4  
  134  7:11  Overseer  
  134  7:12  Baneling x2, Drone x2  
  134  7:14  Drone  
  141  7:17  Zergling x8  
  141  7:22  Zergling x12  
  151  7:26  Overlord  
  148  7:30  Overlord  
  148  7:34  Overlord  
  148  7:37  Overlord x2  
  148  7:39  Baneling x2, Overlord  
  148  7:42  Drone  
  148  7:43  Drone  
  148  7:46  Zergling x2  
  148  7:47  Zergling x12  
  148  7:48  Hydralisk  
  148  7:49  Hydralisk x3  
  155  7:54  Zergling x2  
  155  7:57  Overseer  
  155  7:59  Zergling x4  
  156  8:06  Zerg Ground Armor Level 2  
  156  8:07  Zerg Melee Weapons Level 2  
  156  8:10  Zergling x8  
  156  8:12  Hydralisk x7  
  160  8:15  Zergling x8  
  178  8:21  Extractor, Baneling x8  
  178  8:26  Zergling x8  
  178  8:27  Zergling x2  
  176  8:34  Baneling x4  
  176  8:35  Baneling x4  
  176  8:37  Zergling x10  
  176  8:39  Drone  
  175  8:41  Hydralisk x3  
  175  8:43  Zergling x6  
  175  8:44  Zergling x6  
  175  8:45  Grooved Spines  
  184  8:52  Infestation Pit  
  184  8:54  Queen  
  184  8:58  Drone x4  
  184  9:00  Spore Crawler, Baneling x3  
  184  9:01  Zergling x2  
  184  9:02  Zergling x10  
  193  9:04  Drone  
  194  9:10  Zergling x10  
  194  9:16  Baneling x13  
  186  9:22  Zergling x12  
  186  9:23  Zergling x12  
  194  9:29  Hive  
  190  9:32  Zergling x8  
  190  9:38  Zergling x14  
  198  9:41  Baneling x2  
  198  9:44  Zergling x2  
  195  9:50  Zergling x2  
  195  9:51  Zergling x6  
  195  9:52  Queen  
  197  9:56  Muscular Augments  
  197  9:59  Drone  
  200  10:01  Lurker Den, Baneling x8  
  200  10:02  Extractor, Baneling x3  
  200  10:03  Drone x2  
  200  10:07  Baneling x3  
  200  10:09  Drone  
  194  10:15  Drone  
  194  10:16  Hatchery  
  194  10:18  Drone x2  
  194  10:19  Zergling x8  
  200  10:23  Baneling x2  
  200  10:24  Hatchery  
  186  10:39  Zergling x34  
  198  10:46  Viper  
  198  10:47  Viper  
  198  10:49  Zergling x2  
  199  10:54  Zergling x4  
  199  11:07  Zergling x2  
  194  11:20  Zergling x24  
  194  11:22  Hydralisk x3  
  194  11:24  Seismic Spines  
  195  11:27  Zergling x8  
  169  11:33  Hydralisk x3  
  169  11:34  Hydralisk x2  
  169  11:36  Zergling x14  
  169  11:38  Zergling x6  
  171  11:41  Hydralisk x4  
  171  11:46  Zergling x4  
  179  11:48  Drone x2  
  179  11:50  Zergling x4  
  179  11:52  Zergling x6  
  185  11:55  Baneling x18  
  185  11:57  Zergling x8  
  189  12:02  Zergling x6  
  189  12:07  Zergling x6  
  194  12:09  Hatchery  
Show
View Real Time Build Order
Export as new Build Order

Clem Terran 

Build Orders: Reaper Expand, Hellion Banshee 

Get SALT Encoding   

  12  0:00  SCV  
  13  0:13  SCV  
  14  0:17  Supply Depot  
  14  0:25  SCV  
  15  0:38  SCV  
  15  0:40  Barracks  
  16  0:43  Refinery  
  16  0:50  SCV  
  17  1:03  SCV  
  18  1:15  SCV  
  19  1:26  Reaper  
  19  1:27  Orbital Command  
  20  1:38  Command Center  
  20  1:46  Supply Depot  
  20  1:53  SCV  
  21  1:58  Marine  
  22  2:05  SCV  
  23  2:09  Factory  
  23  2:17  SCV  
  23  2:20  Barracks Reactor  
  24  2:29  SCV  
  25  2:37  Command Center  
  25  2:42  SCV  
  26  2:50  Orbital Command  
  26  2:54  SCV  
  27  2:59  Starport  
  27  3:06  Refinery  
  27  3:07  Hellion  
  27  3:09  SCV  
  32  3:13  Hellion  
  32  3:16  SCV  
  32  3:19  Barracks Tech Lab  
  33  3:21  SCV  
  34  3:28  SCV  
  34  3:29  Hellion  
  34  3:33  SCV  
  40  3:34  Hellion  
  40  3:40  SCV  
  41  3:45  SCV  
  41  3:46  Banshee  
  45  3:49  Marine, Orbital Command  
  45  3:53  SCV  
  47  3:57  Cloaking Field  
  47  3:59  Hellion  
  47  4:00  SCV  
  52  4:02  Hellion  
  52  4:06  Supply Depot  
  52  4:07  SCV  
  53  4:12  SCV  
  54  4:17  SCV  
  54  4:19  SCV  
  54  4:21  Barracks Tech Lab  
  57  4:24  SCV  
  57  4:29  Barracks, SCV, Banshee  
  57  4:30  Supply Depot  
  61  4:32  SCV  
  61  4:36  Barracks, Factory Reactor  
  62  4:40  SCV  
  62  4:42  SCV  
  65  4:45  SCV  
  65  4:48  Refinery x2, Stimpack  
  65  4:49  Marine  
  65  4:52  SCV  
  67  4:53  Orbital Command  
  67  4:57  Engineering Bay x2  
  67  4:58  SCV  
  68  5:04  SCV  
  68  5:06  Marine  
  69  5:07  Supply Depot  
  69  5:10  SCV  
  69  5:12  Supply Depot  
  69  5:16  Marine x2, SCV  
  73  5:21  SCV  
  73  5:22  Factory Reactor, Starport Reactor  
  73  5:23  SCV  
  73  5:28  SCV, Terran Infantry Weapons Level 1  
  75  5:29  Barracks  
  75  5:30  Barracks, Terran Infantry Armor Level 1  
  75  5:33  Marine, SCV  
  75  5:35  Marine x2  
  78  5:36  Marine  
  78  5:38  SCV  
  78  5:42  Supply Depot  
  81  5:43  Marine, SCV  
  81  5:45  SCV  
  84  5:50  SCV  
  84  5:54  Marine x4  
  84  5:55  SCV  
  90  5:57  SCV  
  90  6:01  Marine  
  90  6:02  SCV  
  90  6:03  Medivac  
  90  6:04  Medivac  
  94  6:05  Widow Mine x2  
  94  6:07  SCV  
  94  6:09  SCV, Supply Depot  
  100  6:13  Supply Depot  
  100  6:14  Marine  
  101  6:18  Barracks Reactor  
  101  6:20  Barracks Reactor  
  101  6:25  Factory  
  101  6:27  Combat Shield  
  101  6:28  Refinery  
  101  6:30  Marine x3  
  101  6:31  SCV x3  
  107  6:34  Supply Depot  
  107  6:36  Medivac, Supply Depot  
  107  6:39  Medivac  
  111  6:43  SCV x3  
  111  6:44  Widow Mine  
  111  6:45  Marine  
  111  6:46  Supply Depot  
  117  6:56  Marine x5, Widow Mine, SCV  
  117  6:58  Marine x3  
  128  7:01  Supply Depot  
  128  7:02  Armory  
  128  7:03  Marine  
  128  7:06  Command Center  
  129  7:12  Widow Mine x2  
  129  7:13  Medivac x2, Marine x2  
  139  7:19  Marine, Supply Depot  
  139  7:20  Marine, Supply Depot  
  141  7:23  Marine x5  
  144  7:31  Marine x2  
  144  7:33  Supply Depot  
  146  7:37  Marine x2  
  146  7:41  Marine, Sensor Tower  
  146  7:43  Medivac x2  
  151  7:44  Widow Mine  
  151  7:50  Widow Mine  
  153  7:51  Marine x2  
  153  7:54  Marine x2  
  153  7:55  Marine x2  
  153  7:56  Widow Mine  
  161  8:00  Drilling Claws  
  161  8:04  Marine x2  
  155  8:05  Marine, Widow Mine  
  155  8:09  Marine x2  
  155  8:12  Marine x2, Widow Mine  
  156  8:13  Supply Depot  
  156  8:14  Terran Infantry Weapons Level 2, Terran Infantry Armor Level 2  
  156  8:18  Widow Mine  
  160  8:20  SCV  
  160  8:21  SCV x2  
  160  8:25  Medivac  
  167  8:27  Widow Mine  
  167  8:30  Marine x2  
  167  8:32  Marine  
  168  8:34  Medivac  
  168  8:38  Marine x3  
  168  8:39  Barracks x2  
  168  8:40  Widow Mine  
  157  8:41  Barracks  
  157  8:43  Marine  
  157  8:44  Marine  
  157  8:45  Widow Mine  
  157  8:46  Marine  
  157  8:48  Marine, Widow Mine  
  158  8:52  SCV  
  158  8:54  Planetary Fortress  
  158  8:55  SCV  
  159  8:58  SCV  
  159  9:01  Marine x2  
  159  9:02  Widow Mine  
  164  9:04  SCV  
  164  9:07  Widow Mine  
  167  9:10  Medivac x2  
  167  9:11  Widow Mine  
  167  9:15  Marine, SCV  
  171  9:17  Command Center  
  171  9:18  Marine  
  171  9:19  Marine  
  171  9:23  Widow Mine  
  173  9:28  Sensor Tower, Widow Mine  
  173  9:29  Marine, Barracks Tech Lab  
  173  9:30  Marine  
  177  9:32  Widow Mine  
  177  9:33  Marine x2  
  177  9:35  Marine  
  182  9:40  Medivac  
  182  9:41  Marauder, Marine  
  182  9:44  Medivac, Widow Mine  
  182  9:45  Marine x2  
  177  9:48  Marine, Refinery  
  177  9:49  Widow Mine  
  177  9:50  Refinery  
  177  9:51  Barracks Tech Lab  
  177  9:52  Marauder  
  172  9:55  Marine x3  
  172  9:59  Ghost Academy  
  175  10:01  Widow Mine  
  175  10:03  Marauder  
  175  10:06  Widow Mine  
  181  10:14  Marauder, Widow Mine  
  185  10:16  Marine x3  
  185  10:17  Marauder, Marine  
  191  10:24  Marauder, Command Center, SCV  
  191  10:25  Barracks Tech Lab  
  191  10:26  SCV  
  195  10:35  Marauder  
  186  10:36  Widow Mine  
  186  10:37  Marine x3, Widow Mine  
  186  10:38  Marauder, Marine x2  
  186  10:39  Marine x2  
  186  10:40  Marine  
  175  10:43  Marine  
  175  10:45  Medivac, Marauder  
  170  10:55  Marine x4  
  170  10:56  Marauder, Sensor Tower, Marine  
  175  10:57  Marine, Missile Turret  
  175  10:58  Marine  
  175  10:59  Marauder, Widow Mine  
  175  11:01  Marauder  
  183  11:07  Marauder  
  184  11:13  Widow Mine x2  
  184  11:18  Marauder, Marine  
  184  11:20  Marine x8, Widow Mine  
  184  11:22  Marine  
  178  11:28  Marine  
  146  11:34  Widow Mine  
  146  11:35  Widow Mine  
  146  11:36  Marine  
  146  11:38  Marine x7  
  146  11:39  Marauder, Marine, SCV x2  
  123  11:40  Marine  
  123  11:42  Widow Mine  
  123  11:43  SCV x2  
  123  11:45  Marine  
  122  11:54  Marine  
  122  11:55  SCV x2  
  122  11:56  Marine x7, Widow Mine x2, SCV x2  
  122  11:58  Marine  
  143  12:03  Marauder x2, Widow Mine  
  143  12:04  Marine  
Tags
 
Add a new tag
Caveats
  • Supply blocks, unpowered buildings, or Contaminate may cause inaccurate times.
  • Supply counts are checked every 10 seconds.